 Dungeon Crawl Stone Soup version 0.32-a0-42-ga30500b4d3 (webtiles) character file.

Game seed: 10417580580925320606

321526 Ambrosia the Pulveriser (level 20, -14/198 (200) HPs)
             Began as a Minotaur Gladiator on Feb 2, 2024.
             Was a High Priest of Qazlal.
             Demolished by a ghostly ettin
             ... wielding a +0 dire flail
              (28 damage)
             ... on level 2 of the Vaults.
             The game lasted 01:22:27 (53171 turns).

Ambrosia the Pulveriser (Minotaur Gladiator)       Turns: 53171, Time: 01:22:27

HP:   -14/198 (200) AC: 31    Str: 34    XL:     20   Next: 65%
MP:   41/41         EV: 25    Int: 15    God:    Qazlal [*****.]
Gold: 4409          SH:  7    Dex: 26    Spells: 19/19 levels left

rFire   x . .        N - +9 lajatang (venom)
rCold   + . .        (shield currently unavailable)
rNeg    . . .        d - +0 chain mail of Eye-covered Brilliance {rF- Dex+6 Slay+3}
rPois   .            n - +3 hat of Pondering {ponderous, Will+ MP+10 Int+5}
rElec   +            H - +2 cloak {rC+}
rCorr   .            S - +1 pair of gloves
SInv    .            r - +2 pair of boots
Will    ++...        y - amulet of faith {Faith, !P} Stlth
                     s - +6 ring of dexterity
HPRegen 0.53/turn    Y - ring "Miurex" {rElec Str+8 Int+6 Dex-3 Stlth+}
MPRegen 0.27/turn

%: repel missiles, faith
@: lethally poisoned (-14 -> -20), protected from physical damage, studying Ice
Magic, lightly drained, slow
A: horns 2, retaliatory headbutt, agile 1, persistent drain
}: 2/15 runes: decaying, serpentine
a: Renounce Religion, Upheaval, Elemental Force, Disaster Area


You were on level 2 of the Vaults.
You worshipped Qazlal.
Qazlal was extremely pleased with you.
You visited 8 branches of the dungeon, and saw 37 of its levels.
You also visited: Sewer, Bailey and Ice Cave.

You collected 5516 gold pieces.
You spent 1107 gold pieces at shops.

Inventory:

Hand Weapons
 K - the +8 arc blade {discharge, rElec}
   (You found it on level 5 of the Lair of Beasts)

   rElec:     It insulates you from electricity.
 N - a +9 lajatang of venom (weapon)
   (You took it off an orc wizard on level 10 of the Dungeon)
Missiles
 e - 12 javelins
Armour
 b - the +7 Kryia's mail coat {PotionHeal*2 rC+}
   (You acquired it in a bailey)

   PotionHeal*2: Potions heal its wearer twice as much.
   rC+:       It protects you from cold.
 d - the +0 chain mail of Eye-covered Brilliance (worn) {rF- Dex+6 Slay+3}
   (You found it on level 1 of the Depths)

   Dex+6:     It affects your dexterity (+6).
   Slay+3:    It affects your accuracy & damage with ranged weapons and melee
   (+3).
   rF-:       It makes you vulnerable to fire.
 m - the +4 faerie dragon scales {+Blink Regen+ rCorr}
   (You took it off the Enchantress on level 15 of the Dungeon)

   +Blink:    It lets you blink.
   Regen+:    It increases your rate of health regeneration.
   rCorr:     It protects you from acid and corrosion.
 n - the +3 hat of Pondering (worn) {ponderous, Will+ MP+10 Int+5}
   (You took it off Gastronok on level 3 of the Lair of Beasts)

   Int+5:     It affects your intelligence (+5).
   Will+:     It increases your willpower.
   MP+10:     It affects your magic capacity (+10).
 r - a +2 pair of boots (worn)
   (You found it on level 4 of the Snake Pit)
 x - a +10 plate armour of ponderousness
   (You took it off Saint Roka on level 2 of the Orcish Mines)
 H - a +2 cloak of cold resistance (worn)
   (You found it in an ice cave)
 S - a +1 pair of gloves (worn)
   (You took it off Nikola on level 3 of the Swamp)
Jewellery
 s - a +6 ring of dexterity (left hand)
   (You found it on level 6 of the Dungeon)
 y - an amulet of faith (around neck) {Faith, !P}
   (You took it off a yaktaur on level 1 of the Vaults)
 F - a ring of poison resistance {rP+}
   (You took it off a yaktaur on level 1 of the Vaults)
 Y - the ring "Miurex" (right hand) {rElec Str+8 Int+6 Dex-3 Stlth+}
   (You found it on level 2 of the Depths)

   [ring of intelligence]

   Str+8:     It affects your strength (+8).
   Int+6:     It affects your intelligence (+6).
   Dex-3:     It affects your dexterity (-3).
   rElec:     It insulates you from electricity.
   Stlth+:    It makes you more stealthy.
Wands
 a - a wand of polymorph (9)
   (You found it on level 5 of the Lair of Beasts)
 f - a wand of iceblast (25)
   (You found it on level 4 of the Dungeon)
 g - a wand of mindburst (41)
   (You found it on level 2 of the Dungeon)
 w - a wand of digging (11)
   (You found it on level 7 of the Dungeon)
 A - a wand of flame (82)
   (You took it off Sigmund on level 4 of the Dungeon)
 D - a wand of paralysis (27)
   (You took it off Jeremiah on level 8 of the Dungeon)
 L - a wand of quicksilver (6)
   (You found it on level 15 of the Dungeon)
Scrolls
 i - 9 scrolls of teleportation {!r!d, @r3}
 j - 6 scrolls of amnesia
 o - 16 scrolls of identify {@r1}
 q - 4 scrolls of revelation
 t - 10 scrolls of fear
 E - 6 scrolls of poison
 P - a scroll of silence
Potions
 h - 7 potions of haste
 k - 5 potions of degeneration {!q}
 l - a potion of enlightenment
 p - 6 potions of curing {@q1, !d}
 u - 3 potions of might
 v - 3 potions of attraction {!q}
 z - 3 potions of cancellation
 B - 2 potions of berserk rage {!q}
 C - 3 potions of mutation {!q}
 M - 2 potions of heal wounds {@q2, !d}
 O - a potion of invisibility
 Q - a potion of brilliance
 R - 2 potions of resistance
 W - 2 potions of ambrosia
Miscellaneous
 c - a phantom mirror
   (You bought it in a shop on level 2 of the Orcish Mines)
 G - a lightning rod (4/4)
   (You found it in an ice cave)
 I - a tin of tremorstones (2/2)
   (You found it in an ice cave)
 J - a phial of floods
   (You found it in an ice cave)


   Skills:
 + Level 21.9 Fighting
 + Level 25.6 Staves
 - Level 2.0 Throwing
 + Level 19.3 Armour
 * Level 18.1 Dodging
 + Level 16.7 Invocations


You had 19 spell levels left.
You didn't know any spells.
Your spell library contained the following spells:

 Spells                   Type           Power      Damage    Failure   Level
 Magic Dart               Conj           0%         1d3       50%         1
 Necrotise                Necr           0%         1d4       50%         1
 Slow                     Hex            0%         N/A       50%         1
 Sting                    Conj/Alch      0%         1d3       50%         1
 Blink                    Tloc           0%         N/A       65%         2
 Call Imp                 Summ           0%         N/A       65%         2
 Cigotuvi's Dreadful Rot  Necr/Alch/Air  0%         N/A       65%         2
 Ensorcelled Hibernation  Hex/Ice        0%         N/A       65%         2
 Lesser Beckoning         Tloc           0%         N/A       65%         2
 Mercury Vapours          Alch/Air       0%         N/A       65%         2
 Momentum Strike          Conj/Tloc      0%         3d8       65%         2
 Scorch                   Fire           0%         2d5       65%         2
 Call Canine Familiar     Summ           0%         N/A       86%         3
 Confusing Touch          Hex            0%         N/A       86%         3
 Dazzling Flash           Conj/Hex       0%         N/A       86%         3
 Fugue of the Fallen      Necr           0%         N/A       86%         3
 Gell's Gravitas          Tloc           0%         N/A       86%         3
 Mephitic Cloud           Conj/Alch/Air  0%         N/A       86%         3
 Ozocubu's Armour         Ice            0%         N/A       86%         3
 Sigil of Binding         Hex            0%         N/A       86%         3
 Teleport Other           Tloc           0%         N/A       86%         3
 Vampiric Draining        Necr           0%         2d6       86%         3
 Volatile Blastmotes      Fire/Tloc      0%         2d10      86%         3
 Anguish                  Hex/Necr       0%         N/A       99%         4
 Dimensional Bullseye     Hex/Tloc       0%         N/A       99%         4
 Flame Wave               Conj/Fire      0%         2d4       99%         4
 Fulminant Prism          Conj/Alch      0%         3d5       99%         4
 Ignite Poison            Fire/Alch      0%         N/A       99%         4
 Iskenderun's Mystic Bla  Conj/Tloc      0%         2d3       99%         4
 Manifold Assault         Tloc           0%         N/A       99%         4
 Martyr's Knell           Necr/Summ      0%         N/A       99%         4
 Olgreb's Toxic Radiance  Alch           0%         N/A       99%         4
 Curse of Agony           Necr           0%         N/A       100%        5
 Freezing Cloud           Conj/Ice/Air   0%         6-21      100%        5
 Silence                  Hex/Air        0%         N/A       100%        5
 Starburst                Conj/Fire      0%         6d3       100%        6
 Summon Cactus Giant      Summ           0%         N/A       100%        6
 Ozocubu's Refrigeration  Ice            0%         4d7       100%        7
 Discord                  Hex            0%         N/A       100%        8
 Maxwell's Capacitive Co  Air            0%         ∞         100%        8


Dungeon Overview and Level Annotations

Branches:
Dungeon (15/15) Zot: 20660  Temple (1/1) D:7 Zot: 5902    Lair (5/5) D:9 Zot: 22599
  Swamp (4/4) Lair:2 Zot: 20219   Snake (4/4) Lair:3 Zot: 17150   Slime (0/5) Lair:4
    Orc (2/2) D:11 Zot: 10379     Elf (0/3) Orc:2        Vaults (2/5) D:14 Zot: 9126
 Depths (4/4) D:15 Zot: 16226     Zot (0/5) Depths:4      Sewer (visited)
 Bailey (visited)           IceCv (visited)
  Crypt: Vaults:2-3

Altars:
Ashenzari
Cheibriados
Dithmenos
Elyvilon
Fedhas
Gozag
Hepliaklqana
Kikubaaqudgha
Makhleb
Nemelex Xobeh
Okawaru
Qazlal
Ru
Sif Muna
Trog
Uskayaw
Vehumet
Wu Jian
Xom
Yredelemnul
Zin
The Shining One
Jiyva
Lugonu

Shops:
D:7 =   Orc:2 *!*=   Snake:1 :[   Snake:4 [   Vaults:2 ?   Depths:3 *

Portals:
Hell: Depths:1 Depths:2 Depths:3 Depths:4
Abyss: Depths:3
Pandemonium: Depths:2
Ziggurat: Depths:4
Trove: D:13 (show slimy rune of Zot)

Annotations:
Depths:3 1 runed translucent door


Innate Abilities, Weirdness & Mutations

You have a pair of horns on your head.
You reflexively headbutt those who attack you in melee.
You are agile. (Dex +4, Str/Int -1)
Your health recovers twice as slowly from being drained.


Message History

The ghostly dire elephant barely misses you.
You take 14 damage, and have 142/200 hp.
You are too injured to fight recklessly!
You are too injured to fight recklessly!
You are too injured to fight recklessly!
Unknown command.
You feel better.
The lost soul is engulfed in blazing flames.
The deep elf death mage hits you with a +2 dagger of venom.
You are poisoned.
You block the ghostly ettin's attack. The ghostly ettin closely misses you.
The ghostly dire elephant tramples you but does no damage.
The ghostly dire elephant trunk-slaps you but does no damage.
You regained 3 hp, and now have 145/200 hp.
You are too injured to fight recklessly!
You are too injured to fight recklessly!
Unknown command.
You feel better.
The deep elf death mage hits you but does no damage.
You are poisoned.
The lost soul is engulfed in blazing flames.
The ghostly ettin misses you.
The ghostly ettin completely misses you.
The ghostly dire elephant misses you. You furiously retaliate!
You headbutt the ghostly dire elephant!
The ghostly dire elephant closely misses you.
You regained 8 hp, and now have 153/200 hp.
You slice the deep elf death mage!!
The deep elf death mage looks even sicker.
You feel sick.
You take 2 damage, and have 151/200 hp.
You slash the deep elf death mage!
Your headbutt misses the deep elf death mage.
You feel sick.
The deep elf death mage hits you with a +2 dagger of venom.
You feel more protected from physical attacks.
You are more poisoned.
You block the ghostly ettin's attack. The ghostly ettin barely misses you.
The ghostly dire elephant is engulfed in freezing vapours.
The ghostly dire elephant closely misses you.
The ghostly dire elephant trunk-slaps you.
The lost soul is engulfed in blazing flames.
You take 10 damage, and have 141/200 hp.
You are too injured to fight recklessly!
You are too injured to fight recklessly!
You are too injured to fight recklessly!
Unknown command.
Hit: N) +9 lajatang (venom)
Press: ? - help, Dir - move target, f - ghostly dire elephant
Aim: a ghostly dire elephant (freezing vapour, lightly damaged, about 6% to evade your +9 lajatang of venom)
You hit the ghostly dire elephant but do no damage.
You headbutt the ghostly dire elephant!
You feel very sick.
The deep elf death mage draws life force from you!!!
The deep elf death mage is healed by the life force!
The ghostly ettin hits you with a +0 dire flail!!
The ghostly ettin hits you but does no damage.
The ghostly dire elephant is engulfed in freezing vapours.
The ghostly dire elephant closely misses you.
You furiously retaliate!
You headbutt the ghostly dire elephant!
You block the ghostly dire elephant's attack.
You take 73 damage, and have 68/200 hp.
MASSIVE DAMAGE!!
Hit: N) +9 lajatang (venom)
Press: ? - help, Dir - move target, f - deep elf death mage, p - ghostly dire elephant
Aim: a deep elf death mage, wielding a +2 dagger of venom and wearing a +0 scale mail (moderately wounded, very poisoned, about 22% to evade your +9 lajatang of venom)
You slice the deep elf death mage like a ripe choko!!!
You feel very sick.
The deep elf death mage beckons forth restless souls!
You take 3 damage, and have 65/200 hp.
Hit: N) +9 lajatang (venom)
Press: ? - help, Dir - move target, f/p - deep elf death mage
Aim: a deep elf death mage, wielding a +2 dagger of venom and wearing a +0 scale mail (almost dead, very poisoned, about 22% to evade your +9 lajatang of venom)
You closely miss the deep elf death mage.
Your headbutt misses the deep elf death mage.
You feel sick. The ghostly ettin barely misses you.
The ghostly ettin hits you with a +0 great mace!!
* * * LOW HITPOINT WARNING * * *
The ghostly dire elephant is engulfed in freezing vapours.
The ghostly dire elephant barely misses you.
The ghostly dire elephant trunk-slaps you but does no damage.
You take 22 damage, and have 43/200 hp.
Hit: N) +9 lajatang (venom)
Press: ? - help, Dir - move target, f/p - deep elf death mage
Aim: a deep elf death mage, wielding a +2 dagger of venom and wearing a +0 scale mail (almost dead, very poisoned, about 22% to evade your +9 lajatang of venom)
You cut the deep elf death mage into ribbons!!!
The deep elf death mage looks more healthy.
The lost soul assumes the form of the deep elf death mage and becomes anchored to this world!
You feel sick.
The ghostly deep elf death mage casts a spell at you.
The bolt of negative energy hits you.
You feel drained.
* * * LOW HITPOINT WARNING * * *
The ghostly dire elephant is engulfed in freezing vapours.
You block the ghostly dire elephant's attack.
The ghostly dire elephant trunk-slaps you but does no damage.
The ghostly ettin hits you with a +0 dire flail!!
* * * LOW HITPOINT WARNING * * *
You feel more protected from physical attacks.
The ghostly ettin hits you with a +0 great mace!!
You die...

....
........................
....
................).......
####
..................).....
.................)......
.....##'############.^..
... #......#.. #.... .
#..°...'.. #....
#*.##..#.. #.... #.@#
..# #.... #CeY°..# #....
#.*§...# #....
##'#########+##....
#.....<#......#....
######.
#......#......#....
.......
#..##..#..##..#....
.......
#..##..#..##..#....
###########
#......'......#....


You could see a ghostly dire elephant, a ghostly deep elf death mage, a ghostly
ettin and 2 lost souls.

Vanquished Creatures
  Mennas (Depths:3)
  Saint Roka (Orc:2)
  3 golden dragons (Depths:4)
  Nikola (Swamp:3)
  the Enchantress (D:15)
  A lich (Depths:3)
  Asterion (Depths:1)
  Mlioglotl (Lair:3)
  2 titans (Depths:2)
  A walking crystal tome (Depths:3)
  Gastronok (Lair:3)
  2 shadow dragons (Depths:2 Depths:3)
  A thorn hunter (Swamp:2)
  A tengu reaver (Depths:4)
  7 nagarajas (Snake:3 Snake:4)
  Aizul (Snake:2)
  A draconian monk (Depths:4)
  3 fire giants (D:15 Depths:2 Depths:4)
  3 iron dragons (Depths:2)
  4 frost giants (IceCv Depths:2 Depths:3)
  A draconian shifter (Depths:4)
  A balrug (D:15)
  Louise (Swamp:3)
  2 orc warlords (Vaults:1)
  2 vault wardens (Vaults:1 Vaults:2)
  3 ironbound preservers (Vaults:2)
  5 spriggan defenders (D:15 Depths:1)
  3 ghouls (Swamp:3)
  2 spectral caustic shrikes (Depths:4)
  3 ironbound thunderhulks (Vaults:1 Vaults:2)
  2 green draconians (Depths:4)
  14 very ugly things (D:15 Depths:2 Depths:3 Depths:4 Vaults:2)
  4 eleionomae (Swamp:1 Swamp:2)
  5 stone giants (Depths:1 Depths:2)
  The ghost of grandjackal the Warrior, a journeyman DsGl of Gozag (Orc:2)
  A black draconian (Depths:4)
  Nessos (Orc:2)
  2 yellow draconians (Depths:4)
  A red draconian (Depths:4)
  6 bunyips (Swamp:1 Swamp:2 Swamp:4)
  4 dire elephants (Vaults:1)
  2 shambling mangroves (Swamp:3 Swamp:4)
  6 ettins (D:15 Depths:2 Depths:3 Depths:4)
  6 fire dragons (Depths:1 Depths:2 Depths:3)
  5 yaktaur captains (Vaults:1 Vaults:2)
  19 hydras (Lair:2 Lair:3 Lair:4 Lair:5 D:15)
  5 salamander tyrants (Snake:3 Snake:4)
  3 vault guards (D:14 Vaults:2)
  2 rakshasas (Depths:3)
  6 ice dragons (D:15 Depths:1 Depths:2 Depths:3 Depths:4)
  2 great orbs of eyes (Vaults:1)
  An ogre mage (D:15)
  5 ghost crabs (Swamp:2 Swamp:3)
  4 alligators (Swamp:1 Swamp:2 Swamp:4)
  4 ironbound frosthearts (Vaults:1 Vaults:2)
  6 anacondas (Lair:3 Snake:1 Snake:2 Snake:3 Snake:4)
  3 spriggan air magi (D:15 Depths:1 Depths:4)
  9 centaur warriors (D:12 D:14 D:15 Vaults:1)
  7 boulder beetles (Lair:2 D:12 D:14 D:15)
  6 two-headed ogres (D:15 Orc:2)
  4 deep troll shamans (D:15 Depths:2 Depths:4)
  4 catoblepae (Lair:3 Lair:5)
  4 tengu warriors (D:15 Depths:3 Depths:4)
  A vampire mage (D:15)
  2 hell hogs (Depths:1)
  2 orc high priests (Orc:2)
  6 deep troll earth magi (Depths:1 Depths:3 Depths:4 Vaults:2)
  12 naga warriors (Snake:1 Snake:2 Snake:3 Snake:4)
  4 spriggan berserkers (Depths:2 Depths:4)
  13 death yaks (IceCv Lair:5)
  14 naga sharpshooters (Snake:1 Snake:2 Snake:3 Snake:4)
  7 hell knights (Depths:1 Depths:2 Depths:4)
  A storm dragon zombie (D:15)
  An occultist (Depths:2)
  5 soul eaters (D:15)
  Urug (Orc:1)
  8 shock serpents (Lair:3 Snake:1 Snake:2 Snake:3 Snake:4)
  13 spriggans (Swamp:2 Swamp:4 Depths:1 D:15 Depths:4)
  2 salamander mystics (Snake:3 Snake:4)
  Amaemon (D:8)
  2 sun demons (D:15)
  3 skeletal warriors (D:15)
  2 glowing orange brains (D:15 Depths:3)
  5 goliath frogs (Swamp:1 Swamp:2 Swamp:4)
  8 iron trolls (D:15 Depths:3 Depths:4)
  A death drake (Swamp:3)
  3 naga ritualists (Snake:3 Snake:4)
  An arcanist (D:15)
  8 bog bodies (Swamp:1 Swamp:2 Swamp:3)
  11 mana vipers (Lair:3 Snake:2 Snake:3 Snake:4 Depths:2)
  32 deep trolls (D:15 Depths:2 Depths:3 Depths:4 Vaults:2)
  8 orc knights (Bailey Orc:2 Vaults:1)
  10 swamp dragons (Swamp:1 Swamp:2 Swamp:4)
  4 spriggan druids (Swamp:4)
  A phantasmal warrior (D:14)
  4 ironbound convokers (Vaults:1 Vaults:2)
  2 necromancers (D:15 Vaults:1)
  10 lindwurms (Lair:3 D:14 Swamp:4 Vaults:1 Vaults:2)
  2 deep elf pyromancers (D:12 D:15)
  An obsidian statue (D:10)
  4 oklob plants (D:14)
  35 ugly things (IceCv D:12 D:14 D:13 D:15)
  13 salamanders (Snake:1 Snake:2 Snake:3 Snake:4 D:15)
  3 will-o-the-wisps (Swamp:3)
  3 orc sorcerers (Orc:2)
  4 manticores (Lair:5 D:14 D:15)
  6 cyclopes (D:11 D:13 D:15)
  4 vault sentinels (Vaults:1 Vaults:2)
  19 naga magi (Snake:1 Snake:2 Snake:3 Snake:4)
  Joseph (D:8)
  4 kobold blastminers (Orc:2)
  7 cane toads (Lair:1 Lair:2 Lair:4)
  A gargoyle (D:14)
  5 elephants (Lair:3)
  21 black mambas (Lair:5 Snake:1 Snake:2 Snake:3 Snake:4)
  An ice statue (IceCv)
  2 guardian serpents (Lair:3 Snake:2)
  An orange demon (D:8)
  A torpor snail (Lair:2)
  15 yaktaurs (Vaults:1 Vaults:2)
  An unseen horror (D:10)
  A smoke demon (Depths:1)
  A kobold demonologist (D:10)
  4 rime drakes (Lair:2 Lair:4 Lair:5)
  Jeremiah (D:8)
  13 komodo dragons (Lair:1 Lair:2 Lair:4 Lair:5 D:11)
  A freezing wraith (Vaults:1)
  Psyche (D:8)
  2 tengu conjurers (D:15)
  A troll (shapeshifter) (D:14)
  2 trolls (D:12 Orc:2)
  A hornet (shapeshifter) (D:13)
  A polar bear (shapeshifter) (D:14)
  12 tyrant leeches (Swamp:1 Swamp:2 Swamp:3 Swamp:4)
  8 hornets (Swamp:2 Swamp:4 Depths:1 Depths:4)
  8 polar bears (IceCv)
  3 glass eyes (D:15 Depths:2)
  4 blink frogs (Lair:4)
  A human simulacrum (Vaults:1)
  22 slime creatures (D:12 D:14 D:15 Vaults:1)
  A spriggan skeleton (D:15)
  Sigmund (D:4)
  3 water elementals (Depths:2 Depths:4)
  An elf skeleton (Vaults:1)
  4 basilisks (Lair:3 D:14 D:15)
  A culicivora (Depths:2)
  8 wyverns (D:7 D:9 Lair:1 Lair:2 Lair:5)
  3 shadows (D:6 D:11 D:12)
  74 yaks (D:8 D:9 Lair:1 Lair:2 Lair:3)
  Grum (D:9)
  A golden eye (D:14)
  A hog (shapeshifter) (D:13)
  A warg (Orc:2)
  12 vampire mosquitoes (D:12 D:13 D:14)
  Menkaure (D:4)
  2 steam dragons (D:7 D:8)
  52 nagas (Lair:3 Snake:1 Snake:2 Snake:3 Snake:4)
  17 swamp worms (Swamp:1 Swamp:2 Swamp:3 Swamp:4)
  An acid dragon (D:6)
  3 ice beasts (D:5 D:6 D:8)
  11 water moccasins (D:6 Lair:1 Lair:2 Lair:3 Lair:4)
  7 swamp drakes (Swamp:1 Swamp:3 Swamp:4)
  6 laughing skulls (D:13 D:15)
  30 orc warriors (D:9 Bailey D:10 D:11 Orc:1)
  3 black bears (D:5 D:6 Lair:2)
  26 wolves (D:9 D:8 Lair:3 IceCv)
  5 ogres (D:5 D:15 Orc:1 Orc:2)
  The ghost of petzl the Sneak, an amateur FoDe of Vehumet (D:6)
  10 centaurs (D:5 D:7 D:9 D:12 D:15)
  A phantom (D:6)
  7 kobold brigands (Sewer D:6 D:9 D:10)
  6 scorpions (D:4 D:6 D:7)
  16 bullfrogs (D:6 D:8 Lair:1 Lair:2 Lair:3)
  A human skeleton (Vaults:1)
  13 killer bees (D:7 D:11)
  6 howler monkeys (D:6 D:8 D:10 D:12)
  2 electric eels (D:11)
  2 bombardier beetles (D:4 D:5)
  A crimson imp (D:4)
  4 quasits (D:6)
  3 hounds (D:5 D:4)
  2 gnoll boudas (D:4 D:5)
  A jelly (D:7)
  13 orc priests (D:3 D:8 D:9 D:10 D:11)
  Terence (D:2)
  3 iguanas (D:5 D:6)
  2 sleepcaps (D:5 D:6)
  14 orc wizards (D:6 D:8 D:10 D:11 D:12)
  A boggart simulacrum (D:14)
  12 gnolls (D:5 D:4 D:7)
  10 adders (D:2 D:3 Sewer D:4 D:5)
  2 river rats (Sewer)
  A white imp (D:6)
  2 ufetubi (D:5)
  A dart slug (D:5)
  2 ribbon worms (D:2 D:5)
  76 orcs (D:3 D:4 D:5 D:6 D:8)
  9 bats (D:1 D:2 D:3)
  3 endoplasms (D:3 Sewer D:4)
  2 giant cockroaches (D:2 D:3)
  3 hobgoblins (D:4)
  4 jackals (D:3)
  A quokka (D:3)
  10 ball pythons (D:1 D:2 D:3 Sewer)
  3 frilled lizards (D:2 D:3)
  10 goblins (D:1 D:3 D:4 D:10)
  34 kobolds (D:1 D:4 Sewer D:9 D:10)
  18 rats (D:3 Sewer)
1252 creatures vanquished.

Vanquished Creatures (collateral kills)
  Rupert (D:13)
  2 hydras (Lair:4 Swamp:2)
  An orc high priest (Orc:2)
  A naga warrior (Snake:4)
  A salamander mystic (Snake:4)
  A mana viper (Snake:4)
  A naga ritualist (Snake:4)
  A glowing orange brain (D:15)
  A deep troll (D:15)
  An orc knight (Orc:2)
  An orc sorcerer (Orc:2)
  An ugly thing (D:15)
  2 salamanders (Snake:4)
  2 naga magi (Snake:4)
  A black mamba (Snake:4)
  A komodo dragon (Lair:4)
  2 trolls (D:11 Orc:2)
  A hornet (Swamp:2)
  A blink frog (Lair:4)
  A spriggan (Swamp:2)
  5 nagas (Snake:1 Snake:4)
  6 orc warriors (D:11 Orc:2)
  3 orc wizards (D:11 Orc:2)
  15 orcs (D:11 Orc:2)
53 creatures vanquished.

Vanquished Creatures (others)
  7 bloated husks (Swamp:1 Swamp:3)
  A yak (IceCv)
  A vampire mosquito (D:14)
  A naga (Snake:4)
  A swamp worm (Swamp:3)
  A wolf (IceCv)
  An orc (Orc:2)
  4 foxfires (Swamp:3)
17 creatures vanquished.

Grand Total: 1322 creatures vanquished

Notes
Turn   | Place    | Note
-------+----------+-------------------------------------------
     0 | D:1      | Ambrosia the Minotaur Gladiator began the quest for the
                  | Orb.
     0 | D:1      | Reached XP level 1. HP: 18/18 MP: 0/0
     0 | D:1      | TheSexyCheese: that guy can be bad
     0 | D:1      | TheSexyCheese: should be careful
     0 | D:1      | Ambrosia: minotaur is op w/ bostaff
     0 | D:1      | Ambrosia: ye
   142 | D:1      | Ambrosia: see
   142 | D:1      | TheSexyCheese: HO w/ a good axe
   142 | D:1      | Ambrosia: I am just one shotting basically everything
   152 | D:1      | You fall into a shaft and drop 1 floor!
   171 | D:2      | Reached skill level 1 in Armour
   171 | D:2      | Reached XP level 2. HP: 20/25 MP: 1/1
   260 | D:2      | Noticed Terence
   271 | D:2      | Killed Terence
   272 | D:2      | Reached skill level 3 in Fighting
   272 | D:2      | Reached skill level 4 in Staves
   272 | D:2      | Reached skill level 2 in Armour
   272 | D:2      | Reached XP level 3. HP: 28/31 MP: 2/2
   373 | D:2      | Ambrosia: see how fucking good it is?!
   373 | D:2      | Ambrosia: idek why
   874 | D:2      | Ambrosia: mino is insane w/ bosatff
   874 | D:2      | Ambrosia: staffo
   874 | D:2      | Ambrosia: staff
   874 | D:2      | Ambrosia: or quaterstaff whatever uw anna call it
  1141 | D:3      | Found a faded altar of an unknown god.
  1152 | D:3      | Identified a scroll of acquirement
  1152 | D:3      | Ambrosia: YOOOOOOOOOOOOO
  1152 | D:3      | Ambrosia: bostaff on crack
  1152 | D:3      | Acquired the +10 lajatang "Raeqistyn" {antimagic, rElec
                  | rC++}
  1193 | D:3      | TheSexyCheese: acquire
  1193 | D:3      | Ambrosia: ANOTHER ACQUIREMENT SCROLL
  1193 | D:3      | Ambrosia: LOLLLLLLLLLLLLLLLLLLllll
  1193 | D:3      | TheSexyCheese: better get smth good
  1193 | D:3      | Ambrosia: 2 RIGHT NEXT TO EACHOTHER
  1193 | D:3      | Ambrosia: I already did
  1193 | D:3      | Ambrosia: now lets see
  1194 | D:3      | Ambrosia: cheese I think ur just lucky
  1194 | D:3      | Ambrosia: all my other runs have sucked ass
  1199 | D:3      | Ambrosia: :)))))))))))))))000
  1199 | D:3      | TheSexyCheese: no
  1199 | D:3      | Acquired a manual of Staves
  1201 | D:3      | TheSexyCheese: not lucky
  1201 | D:3      | Ambrosia: yes
  1201 | D:3      | Ambrosia: much lucky
  1201 | D:3      | TheSexyCheese: all my runs today have been terrrible
  1328 | D:3      | TheSexyCheese: rudy saw me die like 6 times in 20 minutes
  1332 | D:3      | Ambrosia: gtg
  1332 | D:3      | Ambrosia: brb
  1344 | D:3      | Reached XP level 4. HP: 27/40 MP: 1/3
  1398 | D:3      | Reached skill level 5 in Staves
  1446 | D:3      | Reached skill level 4 in Fighting
  1446 | D:3      | Reached skill level 3 in Armour
  1510 | D:3      | Reached XP level 5. HP: 30/46 MP: 1/4
  2160 | D:4      | Reached skill level 6 in Staves
  2352 | D:5      | Entered Level 5 of the Dungeon
  2517 | D:5      | Found a glowing drain.
  2531 | Sewer    | Entered a sewer
  2881 | Sewer    | Reached skill level 7 in Staves
  2881 | Sewer    | Reached XP level 6. HP: 45/53 MP: 1/5
  2884 | Sewer    | Reached skill level 4 in Armour
  2885 | Sewer    | Reached skill level 5 in Fighting
  3165 | D:5      | Noticed an ice beast
  3171 | D:5      | Killed an ice beast
  3172 | D:5      | Reached skill level 8 in Staves
  3217 | D:5      | Reached skill level 9 in Staves
  3217 | D:5      | Reached XP level 7. HP: 61/61 MP: 2/6
  3495 | D:4      | Reached skill level 5 in Armour
  3501 | D:4      | Reached skill level 10 in Staves
  3663 | D:4      | Reached skill level 6 in Fighting
  4172 | D:4      | Noticed Menkaure
  4176 | D:4      | Killed Menkaure
  4288 | D:4      | Reached XP level 8. HP: 70/70 MP: 2/7
  4435 | D:4      | Noticed Sigmund
  4439 | D:4      | Killed Sigmund
  4440 | D:4      | Reached skill level 11 in Staves
  4495 | D:4      | Found a shimmering altar of Xom.
  4495 | D:4      | Found a burning altar of Makhleb.
  5047 | D:5      | Reached skill level 6 in Armour
  5297 | D:5      | Reached skill level 12 in Staves
  5599 | D:6      | Noticed petzl's ghost (amateur FoDe)
  5708 | D:6      | Reached skill level 7 in Fighting
  5741 | D:5      | HP: 34/73 [poisoned by a kobold brigand]
  5744 | D:5      | Reached skill level 13 in Staves
  5746 | D:5      | HP: 30/73 [poisoned by a kobold brigand]
  5937 | D:6      | Reached skill level 7 in Armour
  5960 | D:6      | Reached XP level 9. HP: 73/79 MP: 2/8
  5980 | D:6      | Reached skill level 14 in Staves
  6010 | D:6      | HP: 37/81 [acid dragon/splash of acid (25)]
  6015 | D:6      | Found a transporter.
  6044 | D:6      | Reached skill level 8 in Fighting
  6158 | D:6      | Gained mutation: Potions are less effective at restoring
                  | your health. [potion of mutation]
  6348 | D:6      | Lost mutation: Potions are less effective at restoring your
                  | health. [potion of mutation]
  6348 | D:6      | Gained mutation: Your health recovers twice as slowly from
                  | being drained. [potion of mutation]
  6348 | D:6      | Gained mutation: You occasionally shout uncontrollably at
                  | your foes. [potion of mutation]
  6348 | D:6      | Gained mutation: Your flesh is cold resistant. (rC+)
                  | [potion of mutation]
  6349 | D:6      | Lost mutation: Your health recovers twice as slowly from
                  | being drained. [potion of mutation]
  6349 | D:6      | Lost mutation: Your flesh is cold resistant. (rC+) [potion
                  | of mutation]
  6349 | D:6      | Gained mutation: You possess an exceptional clarity of
                  | mind. [potion of mutation]
  6349 | D:6      | Gained mutation: You expend magic power (3 MP) to
                  | strengthen your wands. [potion of mutation]
  6350 | D:6      | Lost mutation: You possess an exceptional clarity of mind.
                  | [potion of mutation]
  6350 | D:6      | Lost mutation: You expend magic power (3 MP) to strengthen
                  | your wands. [potion of mutation]
  6350 | D:6      | Lost mutation: You occasionally shout uncontrollably at
                  | your foes. [potion of mutation]
  6350 | D:6      | Gained mutation: Your health recovers twice as slowly from
                  | being drained. [potion of mutation]
  6350 | D:6      | Gained mutation: You are agile. (Dex +4, Str/Int -1)
                  | [potion of mutation]
  6390 | D:6      | Found a transporter.
  6940 | D:6      | Reached skill level 15 in Staves
  7009 | D:6      | Killed petzl's ghost
  7018 | D:6      | Reached skill level 8 in Armour
  7537 | D:7      | Found a sacrificial altar of Ru.
  7594 | D:7      | HP: 41/82 [poisoned by a scorpion]
  7597 | D:7      | Reached skill level 9 in Fighting
  7599 | D:7      | HP: 30/83 [poisoned by a scorpion]
  7604 | D:7      | HP: 27/83 [poisoned by a scorpion]
  8062 | D:7      | Reached XP level 10. HP: 91/91 MP: 3/9
  8121 | D:7      | Found Plog's Jewellery Emporium.
  8239 | D:7      | Found a staircase to the Ecumenical Temple.
  8249 | Temple   | Entered the Ecumenical Temple
  8325 | Temple   | Became a worshipper of Qazlal Stormbringer
  8391 | D:8      | Reached skill level 16 in Staves
  8399 | D:8      | Reached skill level 9 in Armour
  8514 | D:8      | Noticed Psyche
  8519 | D:8      | Killed Psyche
  8679 | D:8      | Noticed an orange demon
  8680 | D:8      | Noticed Amaemon
  8689 | D:8      | Killed an orange demon
  8691 | D:8      | Killed Amaemon
  8692 | D:8      | Reached skill level 10 in Fighting
  8830 | D:8      | Found an iron altar of Okawaru.
  8852 | D:8      | Noticed Jeremiah
  8863 | D:8      | Killed Jeremiah
  8864 | D:8      | Reached skill level 17 in Staves
  9104 | D:8      | Noticed Joseph
  9110 | D:8      | Killed Joseph
  9111 | D:8      | Reached skill level 10 in Armour
  9364 | D:9      | Noticed Grum
  9372 | D:9      | HP: 46/94 [Grum/+1 glaive of protection (18)]
  9616 | D:9      | Killed Grum
  9663 | D:9      | Reached XP level 11. HP: 85/101 MP: 3/10
  9707 | D:9      | Found a staircase to the Lair.
  9830 | D:9      | Reached * piety under Qazlal
 10535 | D:10     | Entered Level 10 of the Dungeon
 10598 | D:10     | Found a flagged portal.
 10721 | Bailey   | Entered a bailey
 10742 | Bailey   | Reached skill level 11 in Fighting
 10840 | Bailey   | Reached ** piety under Qazlal
 10951 | Bailey   | Reached skill level 18 in Staves
 10951 | Bailey   | Reached skill level 1 in Invocations
 11011 | Bailey   | Noticed an orc knight
 11017 | Bailey   | Killed an orc knight
 11021 | Bailey   | Reached skill level 2 in Invocations
 11021 | Bailey   | HP: 44/102 [orc warrior/+0 trident (10)]
 11285 | Bailey   | Acquired the +7 Kryia's mail coat {PotionHeal*2 rC+}
 11285 | Bailey   | Found the +7 Kryia's mail coat {PotionHeal*2 rC+}
 11448 | D:10     | Noticed an obsidian statue
 11787 | D:10     | Killed an obsidian statue
 11931 | D:10     | Noticed a sixfirhy
 11934 | D:10     | Reached skill level 11 in Armour
 11934 | D:10     | Reached skill level 3 in Invocations
 12101 | D:10     | Identified the +6 scale mail of the Forest {Str+6}
 12676 | Lair:1   | Entered Level 1 of the Lair of Beasts
 12847 | Lair:1   | Reached *** piety under Qazlal
 12848 | Lair:1   | Reached skill level 4 in Invocations
 12925 | Lair:1   | Reached skill level 12 in Fighting
 13214 | Lair:1   | You are sucked into a shaft and drop 1 floor!
 13240 | Lair:2   | Reached XP level 12. HP: 91/113 MP: 4/14
 13243 | Lair:2   | Reached skill level 5 in Invocations
 13347 | Lair:2   | Noticed a boulder beetle
 13358 | Lair:2   | Killed a boulder beetle
 13471 | Lair:2   | Reached skill level 19 in Staves
 13615 | Lair:2   | Noticed a four-headed hydra
 13622 | Lair:2   | HP: 53/113 [nine-headed hydra (8)]
 13630 | Lair:2   | Killed a 14-headed hydra
 13738 | Lair:2   | Found a staircase to the Swamp.
 13762 | Lair:2   | Reached skill level 6 in Invocations
 13763 | Lair:2   | Reached skill level 13 in Fighting
 14343 | Lair:3   | Reached **** piety under Qazlal
 14347 | Lair:3   | Reached skill level 12 in Armour
 14455 | Lair:3   | Found a staircase to the Snake Pit.
 14874 | Lair:3   | Reached skill level 7 in Invocations
 14910 | Lair:3   | Noticed a catoblepas
 14911 | Lair:3   | Noticed Gastronok
 14917 | Lair:3   | Killed a catoblepas
 14932 | Lair:3   | Killed Gastronok
 15382 | Lair:4   | Noticed an eight-headed hydra
 15491 | Lair:3   | Killed a ten-headed hydra
 15492 | Lair:3   | Reached skill level 14 in Fighting
 15696 | Lair:4   | Noticed a four-headed hydra
 15703 | Lair:4   | Killed a six-headed hydra
 15828 | Lair:4   | Reached skill level 8 in Invocations
 15828 | Lair:4   | Reached XP level 13. HP: 124/124 MP: 8/18
 15965 | Lair:4   | Found a viscous altar of Jiyva.
 16035 | Lair:4   | Reached skill level 20 in Staves
 16120 | Lair:4   | HP: 58/124 [komodo dragon (6)]
 16125 | Lair:4   | HP: 36/125 [blink frog (12)]
 17016 | Lair:4   | Found a staircase to the Slime Pits.
 17103 | Lair:5   | Entered Level 5 of the Lair of Beasts
 17124 | Lair:5   | Found a frozen archway.
 17135 | IceCv    | Entered an ice cave
 17306 | IceCv    | Reached skill level 9 in Invocations
 17399 | IceCv    | Reached skill level 15 in Fighting
 17571 | IceCv    | Noticed a frost giant
 17577 | IceCv    | Killed a frost giant
 17578 | IceCv    | Reached skill level 13 in Armour
 17615 | IceCv    | Reached ***** piety under Qazlal
 17649 | IceCv    | Reached skill level 10 in Invocations
 18150 | Lair:5   | Reached skill level 21 in Staves
 18560 | Lair:5   | Reached XP level 14. HP: 119/136 MP: 10/20
 18739 | Lair:5   | Reached skill level 16 in Fighting
 18936 | Lair:5   | Found the +8 arc blade {discharge, rElec}
 18944 | Lair:5   | Identified the +1 war axe "Juozoarph" {spect, rN+ MP+9
                  | Str+5 Stlth+}
 19584 | D:11     | Reached skill level 11 in Invocations
 19729 | D:11     | HP: 68/138 [troll (6)]
 19738 | D:11     | HP: 67/138 [orc warrior/+0 scimitar of freezing (5)]
 20206 | D:11     | Identified the ring "Happeaf" {Wiz rPois Will+ Dex+2}
 20421 | D:11     | Found a staircase to the Orcish Mines.
 21034 | D:12     | Reached skill level 14 in Armour
 21152 | D:12     | Identified the +8 whip of Heidd {flame, rPois rF+ Dex-3}
 21551 | D:13     | Found a portal to a secret trove of treasure.
 22197 | D:13     | Found a burning altar of Makhleb.
 22344 | D:14     | Noticed Rupert
 22359 | D:13     | Reached skill level 17 in Fighting
 22359 | D:13     | Reached skill level 22 in Staves
 22390 | D:13     | Killed Rupert
 22438 | D:14     | Reached skill level 12 in Invocations
 23027 | D:14     | HP: 64/140 [boulder beetle (33)]
 23038 | D:14     | Reached XP level 15. HP: 92/147 MP: 11/23
 23043 | D:14     | HP: 73/147 [vampire mosquito (3)]
 24012 | D:14     | Found a gate to the Vaults.
 24238 | D:15     | Entered Level 15 of the Dungeon
 24877 | D:15     | Reached skill level 4 in Dodging
 24925 | D:15     | Found a staircase to the Depths.
 24982 | D:15     | Reached skill level 18 in Fighting
 25094 | D:15     | Reached skill level 5 in Dodging
 25351 | D:15     | Found a hazy altar of Hepliaklqana.
 25575 | D:15     | Reached skill level 6 in Dodging
 25613 | D:15     | Reached skill level 15 in Armour
 25649 | D:15     | Reached skill level 13 in Invocations
 26096 | Orc:1    | Entered Level 1 of the Orcish Mines
 26345 | Orc:1    | Noticed Urug
 26355 | Orc:1    | Killed Urug
 26561 | Orc:2    | Entered Level 2 of the Orcish Mines
 26736 | Orc:2    | Noticed Saint Roka
 26774 | Orc:2    | Killed Saint Roka
 26793 | Orc:2    | Noticed Nessos
 26797 | Orc:2    | Killed Nessos
 26798 | Orc:2    | Reached skill level 7 in Dodging
 26855 | Orc:2    | Found a runed translucent door.
 26859 | Orc:2    | Noticed grandjackal's ghost (journeyman DsGl)
 26938 | Orc:2    | Found a staircase to the Elven Halls.
 27061 | Orc:2    | Reached XP level 16. HP: 150/159 MP: 11/24
 27061 | Orc:2    | Found Alial's General Store.
 27061 | Orc:2    | Found Udomodgh's Distillery.
 27083 | Orc:2    | Found Xuoch's General Store.
 27083 | Orc:2    | Found Ludehel's Jewellery Shoppe.
 27430 | Orc:2    | Killed grandjackal's ghost
 27484 | Orc:2    | Bought a phantom mirror for 560 gold pieces
 27486 | Orc:2    | Bought a scroll of teleportation for 42 gold pieces
 27486 | Orc:2    | Bought a scroll of teleportation for 42 gold pieces
 27490 | Orc:2    | Bought a potion of mutation for 104 gold pieces
 27490 | Orc:2    | Bought a potion of curing for 39 gold pieces
 27495 | Orc:2    | Bought a potion of curing for 30 gold pieces
 27495 | Orc:2    | Bought a potion of curing for 30 gold pieces
 27495 | Orc:2    | Bought a potion of heal wounds for 50 gold pieces
 27495 | Orc:2    | Bought a potion of heal wounds for 50 gold pieces
 27495 | Orc:2    | Bought a potion of curing for 30 gold pieces
 27495 | Orc:2    | Bought a potion of heal wounds for 50 gold pieces
 27495 | Orc:2    | Bought a potion of magic for 80 gold pieces
 27783 | Snake:1  | Entered Level 1 of the Snake Pit
 27791 | Snake:1  | Noticed Mlioglotl
 27848 | Lair:3   | Reached skill level 23 in Staves
 27848 | Lair:3   | Reached skill level 8 in Dodging
 27853 | Lair:3   | HP: 78/159 [guardian serpent (16)]
 27863 | Lair:3   | HP: 77/159 [anaconda (13)]
 27864 | Lair:3   | Killed Mlioglotl
 28038 | Snake:1  | Found Qimnel's Book Shop.
 28042 | Snake:1  | Found Eqahoyc's Armour Shop.
 28862 | Snake:2  | Reached skill level 9 in Dodging
 29283 | Snake:2  | Identified the serpent talisman of Grace {*Slow rC++ Str+4}
 29283 | Snake:2  | Noticed Aizul
 29293 | Snake:2  | Killed Aizul
 30020 | Snake:3  | Reached skill level 19 in Fighting
 30131 | Snake:3  | Reached skill level 10 in Dodging
 30197 | Snake:3  | Reached skill level 16 in Armour
 30365 | Snake:3  | Reached ****** piety under Qazlal
 30612 | Snake:3  | Reached skill level 14 in Invocations
 31331 | Snake:4  | Entered Level 4 of the Snake Pit
 31500 | Snake:4  | Reached XP level 17. HP: 121/168 MP: 3/26
 31571 | Snake:4  | Reached skill level 11 in Dodging
 32022 | Snake:4  | HP: 79/168 [salamander tyrant (38)]
 32026 | Snake:4  | HP: 28/168 [salamander tyrant (20)]
 32037 | Snake:4  | HP: 42/168 [naga sharpshooter/arrow (1)]
 32081 | Snake:4  | HP: 84/168 [poisoned by a naga ritualist (toxic radiance)]
 32086 | Snake:4  | HP: 77/168 [poisoned by a naga ritualist (toxic radiance)]
 32091 | Snake:4  | HP: 78/168 [poisoned by a naga ritualist (toxic radiance)]
 32261 | Snake:4  | Acquired 827 gold pieces
 32751 | Snake:4  | Reached skill level 12 in Dodging
 34223 | Snake:4  | Found Gyterhik's Antique Armour Boutique.
 34452 | Snake:4  | Got a serpentine rune of Zot
 34650 | Swamp:1  | Entered Level 1 of the Swamp
 35356 | Swamp:2  | HP: 83/170 [tyrant leech (16)]
 35429 | Swamp:2  | Reached skill level 24 in Staves
 35629 | Swamp:2  | HP: 83/169 [tyrant leech (12)]
 35723 | Swamp:2  | HP: 84/169 [shot self (6)]
 35728 | Swamp:2  | HP: 75/169 [thorn hunter (6)]
 35733 | Swamp:2  | Reached skill level 17 in Armour
 35733 | Swamp:2  | Reached skill level 13 in Dodging
 35812 | Swamp:2  | Acquired 878 gold pieces
 36058 | Swamp:3  | Reached skill level 20 in Fighting
 36065 | Swamp:3  | Noticed Nikola
 36086 | Swamp:3  | Killed Nikola
 36087 | Swamp:3  | Reached XP level 18. HP: 103/178 MP: 12/28
 36114 | Swamp:3  | Noticed Louise
 36124 | Swamp:3  | Killed Louise
 37042 | Swamp:4  | Entered Level 4 of the Swamp
 37097 | Swamp:4  | Reached skill level 15 in Invocations
 37501 | Swamp:4  | Reached skill level 14 in Dodging
 37612 | Swamp:4  | Got a decaying rune of Zot
 38153 | Depths:1 | Entered Level 1 of the Depths
 38355 | D:15     | HP: 86/180 [iron troll (14)]
 38545 | D:15     | HP: 67/180 [spriggan defender/+1 quick blade of
                  | freezing[the Enchantress] (31)]
 38550 | D:15     | HP: 53/180 [spriggan defender/+1 quick blade of
                  | freezing[the Enchantress] (1)]
 38629 | D:15     | HP: 82/180 [red very ugly thing (31)]
 38667 | D:15     | HP: 81/180 [red very ugly thing (12)]
 38668 | D:15     | HP: 33/180 [red very ugly thing (15)]
 38668 | D:15     | HP: 8/180 [red very ugly thing (25)]
 38670 | D:15     | HP: 3/180 [red very ugly thing (28)]
 40108 | Vaults:1 | Entered Level 1 of the Vaults
 40733 | Vaults:1 | Reached skill level 15 in Dodging
 41298 | Vaults:1 | You fall into a shaft and drop 1 floor!
 41508 | Vaults:1 | Reached XP level 19. HP: 178/187 MP: 13/29
 41543 | Vaults:1 | Reached skill level 18 in Armour
 42955 | D:15     | HP: 86/187 [spriggan defender/+1 demon whip of
                  | electrocution[the Enchantress] (13)]
 42960 | D:15     | HP: 56/187 [spriggan defender/+1 demon whip of
                  | electrocution[the Enchantress] (10)]
 43572 | Depths:1 | Noticed the Enchantress
 43780 | D:15     | Killed the Enchantress
 44729 | Depths:1 | Found a gateway to Hell.
 44958 | Depths:1 | Reached skill level 21 in Fighting
 45144 | Depths:1 | Noticed Asterion
 45153 | Depths:1 | Killed Asterion
 45181 | Depths:1 | Identified the +0 chain mail of Eye-covered Brilliance {rF-
                  | Dex+6 Slay+3}
 45219 | Depths:1 | Found an iron altar of Okawaru.
 45917 | Depths:2 | HP: 85/189 [titan/the air (34)]
 45919 | Depths:2 | Reached skill level 16 in Dodging
 46333 | Depths:2 | Found a one-way gate leading to the halls of Pandemonium.
 46344 | Depths:2 | HP: 94/189 [deep troll (4)]
 46355 | Depths:2 | HP: 44/189 [culicivora (7)]
 46585 | Depths:2 | Reached skill level 25 in Staves
 46671 | Depths:2 | Found a stormy altar of Qazlal.
 46804 | Depths:2 | Reached skill level 16 in Invocations
 47074 | Depths:2 | HP: 91/184 [fire giant/+2 great sword of flaming (12)]
 47516 | Depths:2 | Identified the +6 great sword of the Distant Future {vamp,
                  | rPois}
 47519 | Depths:2 | Identified the +0 leather armour "Ytemirhakah" {*Corrode
                  | +Blink Fly Str-2 Int+6}
 47525 | Depths:2 | Identified the ring "Miurex" {rElec Str+8 Int+6 Dex-3
                  | Stlth+}
 47928 | Depths:3 | Found a corrupted altar of Lugonu.
 47930 | Depths:3 | Found a one-way gate to the infinite horrors of the Abyss.
 48487 | Depths:3 | Noticed Mennas
 48506 | Depths:3 | Killed Mennas
 48811 | Depths:3 | Found Puelasod's Overcharged Wands.
 48857 | Depths:3 | Identified the +9 dagger of Dot Xiur {freeze, rElec}
 49036 | Depths:3 | Found a runed translucent door.
 49042 | Depths:3 | Found a runed translucent door.
 49045 | Depths:3 | Noticed a juggernaut
 49047 | Depths:3 | Noticed a golden dragon
 49468 | Depths:4 | Entered Level 4 of the Depths
 49486 | Depths:4 | Reached skill level 17 in Dodging
 49966 | Depths:4 | Reached XP level 20. HP: 198/198 MP: 31/31
 50097 | Depths:4 | Identified the +0 leather armour "Cixzerema" {rPois Str+3
                  | Int+2}
 50364 | Depths:4 | Reached skill level 19 in Armour
 50654 | Depths:4 | Identified the +3 scale mail "Hufoohone" {*Slow Int+3
                  | Slay+2}
 51103 | Depths:4 | Noticed a golden dragon
 51107 | Depths:4 | Killed a golden dragon
 51170 | Depths:4 | Noticed a golden dragon
 51171 | Depths:4 | Noticed a golden dragon
 51175 | Depths:4 | Killed a golden dragon
 51184 | Depths:4 | Killed a golden dragon
 51328 | Depths:4 | Found a gate to the Realm of Zot.
 51427 | Depths:4 | Found a one-way gateway to a ziggurat.
 52780 | Vaults:2 | Reached skill level 18 in Dodging
 52942 | Vaults:2 | Found Morietem's Magic Scroll Boutique.
 53168 | Vaults:2 | HP: 100/200 [deep elf death mage/vampiric draining (39)]
 53170 | Vaults:2 | HP: 43/200 [ghostly ettin/+0 dire flail (21)]
 53171 | Vaults:2 | HP: 14/198 [ghostly ettin/+0 dire flail (27)]
 53171 | Vaults:2 | Demolished by a ghostly ettin

Illustrated notes

Levels and vault maps discovered:
D:1:      dpeg_arrival_rooms_b, layout_loops_ring, minmay_heptomino_l4
D:2:      cheibrodos_old_hovel, layout_loops_ring, uniq_terence
D:3:      minmay_angry_zag, layout_loops_corners, basic_ecumenical_altar
D:4:      layout_basic, grunt_temple_overflow_champion_of_chaos, uniq_menkaure,
          uniq_sigmund
D:5:      layout_basic, cheibrodos_sewer_entry_bend
D:6:      cheibrodos_fzero, layout_basic, gammafunk_ghost_stat_death,
          kennysheep_generic_room_5
D:7:      layout_loops_ring, nicolae_ru_path_of_blood,
          minmay_temple_entry_poolview, minmay_shop_enchanted_jewellery,
          nicolae_the_louvre
D:8:      layout_basic, lemuel_round_altar, uniq_joseph, uniq_amaemon,
          uniq_psyche, uniq_jeremiah
D:9:      layout_roguey, lair_entry_dummy, uniq_grum
D:10:     layout_loops_corners, enter_bailey_3, minmay_protected_statue
D:11:     layout_roguey, erik_orc_2
D:12:     layout_gridville, chequers_serial_rivers_small_b
D:13:     layout_cross, nicolae_trove_entry_crossroad, bloody_makhleb
D:14:     layout_layer_cave, david_vaults_4, hangedman_abyss_or_decor_clamps,
          disabler_island, uniq_rupert
D:15:     gammafunk_depths_entry_grave, layout_small_grid,
          nicolae_hepliaklqana_hippocampus
Temple:   regret_index_temple_mists
Lair:1:   layout_roguey, grunt_megastairs_4
Lair:2:   layout_gridlike, swamp_mist_pool, grunt_megastairs_1
Lair:3:   layout_regular_city, guppyfry_snake_entry_island, minivault_27,
          chequers_serial_rivers_large_a, serial_bayou_shore_a, uniq_gastronok
Lair:4:   layout_regular_city, dpeg_slime_entry_corner, grunt_megastairs_3
Lair:5:   evilmike_catoblepas_cave, layout_cellular_growth,
          portal_ice_cave_rime, nicolae_quartered_pool_impasse
Swamp:1:  layout_falls_marsh, evilmike_swamp_ruin_house_5
Swamp:2:  layout_basic_swamp, infiniplex_staircase_pool
Swamp:3:  regret_index_all_hallows'_manor, layout_basic_swamp,
          hangedman_swamp_ruin_wall, uniq_nikola, uniq_louise
Swamp:4:  swamp_alternative, layout_basic_swamp
Snake:1:  layout_onion_interference, serial_bayou_crossing, minmay_shop_star,
          lemuel_fruit_tree, nicolae_triple_integral, uniq_mlioglotl
Snake:2:  layout_gridlike, nicolae_integral_box, uniq_aizul
Snake:3:  layout_cave_pods, st_stairs_7, serial_bayou_pond_c
Snake:4:  minmay_snake_end_coiled, layout_cave_town, serial_shops,
          nicolae_square_shop
Orc:1:    layout_caves, uniq_urug
Orc:2:    grunt_orc_tribal_feast, layout_caves, ebering_ghost_inner_flame,
          uniq_saint_roka, uniq_nessos
Vaults:1: nicolae_vaults_storage_closets_1, ontoclasm_vaults_tryst, v_misc_17,
          vaults_room_fours, nicolae_vaults_tangram_1,
          nicolae_vaults_stepped_doors, nicolae_vaults_angled_halls,
          nicolae_vaults_stairing_the_circle, nicolae_vaults_theta,
          nicolae_vaults_offset_grid_hallway_2, nicolae_vaults_little_squares_4,
          nicolae_vaults_diamond_1, nicolae_vaults_prndl,
          layout_vaults_big_cross
Vaults:2: v_alt_pattern_3, nicolae_vaults_trapezoid_3,
          nicolae_vaults_more_shelving_1, ontoclasm_vaults_ring_small,
          nicolae_vaults_storing_the_good_stuff, ontoclasm_vaults_chip,
          layout_vaults_omnigrid, serial_shops, nicolae_shop_advertising_works
          [nicolae_subvault_shop_adworks]
Depths:1: layout_cave_shapes, hellmouth_3, kennysheep_okawaru_gauntlet,
          infiniplex_staircase_pool_lava, uniq_enchantress, uniq_asterion
Depths:2: minmay_broken_ring, layout_long_grid, pan_entry, hell_entry,
          nicolae_qazlal_general_emergency, kennysheep_random_hallway,
          infiniplex_staircase_pool_2
Depths:3: thingy_vault_2, layout_gridlike, pf_coc_iceberg,
          abyss_entry_flame_altar, nicolae_shop_overcharged_wands, uniq_mennas
Depths:4: grunt_zot_entry_hairpin, layout_basic, enter_ziggurat_d,
          minmay_misc_feat_more_columns, pf_hell_entry_tar_river

Skill      XL: |  1  2  3  4  5  6  7  8  9 10 11 12 13 14 15 16 17 18 19 20 |
---------------+-------------------------------------------------------------+-----
Armour         | 1 2 3 4 5 7 8 10 11 12 13 14 15 16 17 18 19 | 19.3
Fighting       | 3 4 5 6 7 9 10 12 14 15 17 18 19 20 21 | 21.9
Staves         | 4 5 7 9 10 13 15 17 18 19 21 22 23 24 25 | 25.6
Invocations    | 4 8 10 12 13 14 15 16 | 16.7
Dodging        | 7 10 13 15 17 18 | 18.1
Throwing       | |  2.0

Action                     |  1- 3 |  4- 6 |  7- 9 | 10-12 | 13-15 | 16-18 | 19-21 || total
---------------------------+-------+-------+-------+-------+-------+-------+-------++-------
  Melee: Quarterstaff      |    30 |       |       |       |       |       |       ||    30
         Headbutt          |     5 |     5 |    20 |    83 |   217 |   260 |   185 ||   775
         Lajatang          |    11 |   106 |   183 |   387 |   851 |  1119 |   588 ||  3245
  Throw: Javelin           |     1 |       |       |       |       |       |       ||     1
         Throwing net      |       |       |       |     2 |     4 |     6 |     1 ||    13
 Invoke: Elemental Force   |       |       |       |       |     7 |    10 |     4 ||    21
         Disaster Area     |       |       |       |       |     4 |     4 |     1 ||     9
         Upheaval          |       |       |       |       |       |       |     6 ||     6
  Evoke: Wand              |     1 |       |       |    20 |     1 |    13 |    10 ||    45
         Tin of tremorston |       |       |       |       |       |     4 |     2 ||     6
         Phantom mirror    |       |       |       |       |       |     2 |     1 ||     3
         Phial of floods   |       |       |       |       |       |     1 |     1 ||     2
         Lightning rod     |       |       |       |       |       |       |     1 ||     1
    Use: Scroll            |     8 |     2 |     7 |     6 |     6 |    23 |    12 ||    64
         Potion            |       |       |    14 |     5 |     4 |    16 |     8 ||    47
   Stab: Paralysed         |       |       |       |       |     1 |     2 |       ||     3
         Distracted        |       |       |       |       |       |     2 |       ||     2
         Held in net/web   |       |       |       |       |       |     1 |     1 ||     2
 Armour: Leather armour    |    20 |    63 |    14 |       |       |       |       ||    97
         Chain mail        |       |       |   183 |   124 |       |       |   226 ||   533
         Scale mail        |       |       |       |   228 |   581 |   753 |       ||  1562
         Plate armour      |       |       |       |       |       |    83 |   283 ||   366
  Dodge: Dodged            |    31 |    68 |   101 |   192 |   384 |   832 |   564 ||  2172
         Repelled          |       |       |       |     1 |     7 |    56 |    10 ||    74
  Block: Other             |       |       |       |    38 |   192 |   304 |   137 ||   671
         Reflection        |       |       |       |       |       |     8 |     4 ||    12

Table legend: (Time is in decaauts)
 A = Elapsed time spent in this place.
 B = Non-inter-level travel time spent in this place.
 C = Inter-level travel time spent in this place.
 D = Time resting spent in this place.
 E = Time spent auto-exploring this place.
 F = Levels seen in this place.
 G = Mean time per level.
                   A        B        C        D        E       F      G
               +--------+--------+--------+--------+--------+-----+--------+
         Total |  54856 |  51148 |   3708 |  14948 |  28851 |  40 | 1371.4 |
       Dungeon |  22538 |  20669 |   1869 |   7008 |  11091 |  15 | 1502.5 |
        Temple |     97 |     77 |     20 |      0 |      0 |   1 |   97.0 |
          Lair |   7400 |   6591 |    809 |   1026 |   4895 |   5 | 1480.0 |
         Swamp |   3780 |   3559 |    221 |    642 |   2173 |   4 |  945.0 |
     Snake Pit |   6849 |   6558 |    291 |   2609 |   2935 |   4 | 1712.2 |
  Orcish Mines |   1620 |   1432 |    188 |    148 |    984 |   2 |  810.0 |
        Vaults |   2872 |   2749 |    123 |    382 |   1834 |   2 | 1436.0 |
        Depths |   7773 |   7590 |    183 |   2723 |   3864 |   4 | 1943.2 |
         Sewer |    511 |    511 |      0 |      0 |    384 |   1 |  511.0 |
        Bailey |    640 |    640 |      0 |    256 |    245 |   1 |  640.0 |
      Ice Cave |    770 |    770 |      0 |    153 |    442 |   1 |  770.0 |
               +--------+--------+--------+--------+--------+-----+--------+

Top non-repeatable levels by time:
    D:15: 3943 daAuts
    D:14: 3254 daAuts
 Snake:4: 2770 daAuts
Depths:4: 2243 daAuts
Vaults:1: 2108 daAuts
Depths:2: 2095 daAuts
Depths:3: 2036 daAuts
 Snake:3: 1890 daAuts
  Lair:5: 1877 daAuts
  Lair:3: 1690 daAuts
     D:5: 1663 daAuts
     D:4: 1627 daAuts
  Lair:4: 1579 daAuts
    D:10: 1537 daAuts
 Snake:2: 1419 daAuts

Levels and vault maps discovered:
D:1:      dpeg_arrival_rooms_b, layout_loops_ring, minmay_heptomino_l4
D:2:      cheibrodos_old_hovel, layout_loops_ring, uniq_terence
D:3:      minmay_angry_zag, layout_loops_corners, basic_ecumenical_altar
D:4:      layout_basic, grunt_temple_overflow_champion_of_chaos, uniq_menkaure,
          uniq_sigmund
D:5:      layout_basic, cheibrodos_sewer_entry_bend
D:6:      cheibrodos_fzero, layout_basic, gammafunk_ghost_stat_death,
          kennysheep_generic_room_5
D:7:      layout_loops_ring, nicolae_ru_path_of_blood,
          minmay_temple_entry_poolview, minmay_shop_enchanted_jewellery,
          nicolae_the_louvre
D:8:      layout_basic, lemuel_round_altar, uniq_joseph, uniq_amaemon,
          uniq_psyche, uniq_jeremiah
D:9:      layout_roguey, lair_entry_dummy, uniq_grum
D:10:     layout_loops_corners, enter_bailey_3, minmay_protected_statue
D:11:     layout_roguey, erik_orc_2
D:12:     layout_gridville, chequers_serial_rivers_small_b
D:13:     layout_cross, nicolae_trove_entry_crossroad, bloody_makhleb
D:14:     layout_layer_cave, david_vaults_4, hangedman_abyss_or_decor_clamps,
          disabler_island, uniq_rupert
D:15:     gammafunk_depths_entry_grave, layout_small_grid,
          nicolae_hepliaklqana_hippocampus
Temple:   regret_index_temple_mists
Lair:1:   layout_roguey, grunt_megastairs_4
Lair:2:   layout_gridlike, swamp_mist_pool, grunt_megastairs_1
Lair:3:   layout_regular_city, guppyfry_snake_entry_island, minivault_27,
          chequers_serial_rivers_large_a, serial_bayou_shore_a, uniq_gastronok
Lair:4:   layout_regular_city, dpeg_slime_entry_corner, grunt_megastairs_3
Lair:5:   evilmike_catoblepas_cave, layout_cellular_growth,
          portal_ice_cave_rime, nicolae_quartered_pool_impasse
Swamp:1:  layout_falls_marsh, evilmike_swamp_ruin_house_5
Swamp:2:  layout_basic_swamp, infiniplex_staircase_pool
Swamp:3:  regret_index_all_hallows'_manor, layout_basic_swamp,
          hangedman_swamp_ruin_wall, uniq_nikola, uniq_louise
Swamp:4:  swamp_alternative, layout_basic_swamp
Snake:1:  layout_onion_interference, serial_bayou_crossing, minmay_shop_star,
          lemuel_fruit_tree, nicolae_triple_integral, uniq_mlioglotl
Snake:2:  layout_gridlike, nicolae_integral_box, uniq_aizul
Snake:3:  layout_cave_pods, st_stairs_7, serial_bayou_pond_c
Snake:4:  minmay_snake_end_coiled, layout_cave_town, serial_shops,
          nicolae_square_shop
Orc:1:    layout_caves, uniq_urug
Orc:2:    grunt_orc_tribal_feast, layout_caves, ebering_ghost_inner_flame,
          uniq_saint_roka, uniq_nessos
Vaults:1: nicolae_vaults_storage_closets_1, ontoclasm_vaults_tryst, v_misc_17,
          vaults_room_fours, nicolae_vaults_tangram_1,
          nicolae_vaults_stepped_doors, nicolae_vaults_angled_halls,
          nicolae_vaults_stairing_the_circle, nicolae_vaults_theta,
          nicolae_vaults_offset_grid_hallway_2, nicolae_vaults_little_squares_4,
          nicolae_vaults_diamond_1, nicolae_vaults_prndl,
          layout_vaults_big_cross
Vaults:2: v_alt_pattern_3, nicolae_vaults_trapezoid_3,
          nicolae_vaults_more_shelving_1, ontoclasm_vaults_ring_small,
          nicolae_vaults_storing_the_good_stuff, ontoclasm_vaults_chip,
          layout_vaults_omnigrid, serial_shops, nicolae_shop_advertising_works
          [nicolae_subvault_shop_adworks]
Depths:1: layout_cave_shapes, hellmouth_3, kennysheep_okawaru_gauntlet,
          infiniplex_staircase_pool_lava, uniq_enchantress, uniq_asterion
Depths:2: minmay_broken_ring, layout_long_grid, pan_entry, hell_entry,
          nicolae_qazlal_general_emergency, kennysheep_random_hallway,
          infiniplex_staircase_pool_2
Depths:3: thingy_vault_2, layout_gridlike, pf_coc_iceberg,
          abyss_entry_flame_altar, nicolae_shop_overcharged_wands, uniq_mennas
Depths:4: grunt_zot_entry_hairpin, layout_basic, enter_ziggurat_d,
          minmay_misc_feat_more_columns, pf_hell_entry_tar_river

Table legend: (Time is in decaauts)
 A = Elapsed time spent in this place.
 B = Non-inter-level travel time spent in this place.
 C = Inter-level travel time spent in this place.
 D = Time resting spent in this place.
 E = Time spent auto-exploring this place.
 F = Levels seen in this place.
 G = Mean time per level.
                   A        B        C        D        E       F      G
               +--------+--------+--------+--------+--------+-----+--------+
         Total |  54856 |  51148 |   3708 |  14948 |  28851 |  40 | 1371.4 |
       Dungeon |  22538 |  20669 |   1869 |   7008 |  11091 |  15 | 1502.5 |
        Temple |     97 |     77 |     20 |      0 |      0 |   1 |   97.0 |
          Lair |   7400 |   6591 |    809 |   1026 |   4895 |   5 | 1480.0 |
         Swamp |   3780 |   3559 |    221 |    642 |   2173 |   4 |  945.0 |
     Snake Pit |   6849 |   6558 |    291 |   2609 |   2935 |   4 | 1712.2 |
  Orcish Mines |   1620 |   1432 |    188 |    148 |    984 |   2 |  810.0 |
        Vaults |   2872 |   2749 |    123 |    382 |   1834 |   2 | 1436.0 |
        Depths |   7773 |   7590 |    183 |   2723 |   3864 |   4 | 1943.2 |
         Sewer |    511 |    511 |      0 |      0 |    384 |   1 |  511.0 |
        Bailey |    640 |    640 |      0 |    256 |    245 |   1 |  640.0 |
      Ice Cave |    770 |    770 |      0 |    153 |    442 |   1 |  770.0 |
               +--------+--------+--------+--------+--------+-----+--------+

Top non-repeatable levels by time:
    D:15: 3943 daAuts
    D:14: 3254 daAuts
 Snake:4: 2770 daAuts
Depths:4: 2243 daAuts
Vaults:1: 2108 daAuts
Depths:2: 2095 daAuts
Depths:3: 2036 daAuts
 Snake:3: 1890 daAuts
  Lair:5: 1877 daAuts
  Lair:3: 1690 daAuts
     D:5: 1663 daAuts
     D:4: 1627 daAuts
  Lair:4: 1579 daAuts
    D:10: 1537 daAuts
 Snake:2: 1419 daAuts

Table legend:
 A = Kills in this place as a percentage of kills in the entire game.
 B = Kills by you in this place as a percentage of kills by you in the entire game.
 C = Kills by friends in this place as a percentage of kills by friends in the entire game.
 D = Other kills in this place as a percentage of other kills in the entire game.
 E = Experience gained in this place as a percentage of experience gained in the entire game.
 F = Experience gained in this place divided by the number of levels of this place that you have seen.
                   A       B       C       D       E      F
               +-------+-------+-------+-------+-------+----------------------
         Total | 100.0 | 100.0 | 100.0 | 100.0 | 100.0 | 13657.9
       Dungeon |  33.0 |  33.5 |  18.9 |  33.3 |  19.8 | 7202.3
          Lair |  10.7 |  10.9 |   5.7 |   0.0 |   9.1 | 9966.8
         Swamp |   9.4 |   9.6 |   5.7 |   0.0 |  13.5 | 18387.0
     Snake Pit |  13.8 |  13.3 |  26.4 |  33.3 |  17.1 | 23321.5
  Orcish Mines |   6.9 |   5.4 |  43.4 |   0.0 |   3.7 | 10145.0
        Vaults |   6.8 |   7.1 |   0.0 |   0.0 |  11.0 | 30038.5
        Depths |  10.4 |  10.9 |   0.0 |   0.0 |  22.8 | 31172.2
         Sewer |   3.5 |   3.7 |   0.0 |   0.0 |   0.1 | 297.0
        Bailey |   1.8 |   1.8 |   0.0 |   0.0 |   0.4 | 2402.0
      Ice Cave |   3.7 |   3.8 |   0.0 |  33.3 |   2.5 | 13858.0
               +-------+-------+-------+-------+-------+----------------------
